 Dungeon Crawl Stone Soup version 0.15.0-31-geb66e34 (webtiles) character file.

84 oshikia the Insei (level 4, -7/38 HPs)
             Began as a Draconian Monk on Sept 11, 2014.
             Mangled by a worm (11 damage)
             ... on Level 2 of the Dungeon on Sept 12, 2014.
             The game lasted 00:03:17 (1573 turns).

oshikia the Insei (Draconian Monk)                  Turns: 1573, Time: 00:03:17

HP  -7/38        AC  7     Str 13      XL: 4   Next: 24%
MP   4/4         EV 13     Int  8 (10) God:
Gold 70          SH  0     Dex 15      Spells:  0 memorised,  3 levels left

rFire  + . .     SeeInvis .       - Unarmed
rCold  + . .     Clarity  .     (armour unavailable)
rNeg   . . .     rCorr    +     (no shield)
rPois  +         rRot     .     (helmet restricted)
rElec  +         Spirit   .     i - +1 cloak
SustAb .         Warding  .     (no gloves)
rMut   .         Stasis   .     (no boots)
Gourm  .                        (no amulet)
MR     .....                    (no ring)
                                (no ring)

@: resistant, not resistant to hostile enchantments, unstealthy
A: unfitting armour, cold-blooded, AC +5
a: no special abilities


You were on level 2 of the Dungeon.
You were not hungry.

You visited 1 branch of the dungeon, and saw 2 of its levels.

You collected 70 gold pieces.

Inventory:

Missiles
 j - 21 stones (quivered)
Armour
 i - a +1 cloak (worn)
Magical devices
 h - a wand of magic darts (6)
Comestibles
 a - a beef jerky
 b - a bread ration
 c - 3 fruits
 k - a rotting chunk of worm flesh
Scrolls
 d - a scroll of remove curse {unknown}
 e - a scroll of noise {unknown}
 f - a scroll of teleportation {unknown}
 g - a scroll of immolation {unknown}


   Skills:
 - Level 3.2 Fighting
 - Level 2.6 Dodging
 - Level 1.7 Stealth
 + Level 5.8 Unarmed Combat


You had 3 spell levels left.
You didn't know any spells.

Dungeon Overview and Level Annotations

Branches:
Dungeon (2/15)

Altars:
Yredelemnul

Annotations:
D:2 Sigmund


Innate Abilities, Weirdness & Mutations

Your plain brown scales are hard (AC +5).
Your body does not fit into most forms of armour.
Your cold-blooded metabolism reacts poorly to cold.


Message History

The puff of flame hits you! You resist.
Evoke which item? (* to show all) (? for menu, Esc to quit)
Zapping:
h - a wand of magic darts {zapped: 4}
Press: ? - help, Shift-Dir - straight line, f - Sigmund
Aim: Sigmund, wielding a runed scythe and wearing a robe (lightly wounded) Sigmund closely misses you.
Sigmund closely misses you. The worm bites you.
* * * LOW HITPOINT WARNING * * *
Sigmund breathes a few words.
Sigmund's hands start flickering wildly.
Sigmund casts a spell at you. The magic dart hits you!
* * * LOW HITPOINT WARNING * * *
You smell something rotten. (slot k) Sigmund gestures at you while chanting.
The puff of flame hits you!
You feel less confused. The worm bites you!
You die...

... . #.. #... #..# #..
... #..# #.. #.. #.. .
#.. ######.####.# #.# #..
.........##.#####.####..
........................
#.............!..........
#####..@w..@..###..###..
##....<....# #.#...>
#...?...%######...#..
.....>................
#.#$.......#####..#.### .
##......## ....##.# #
##........######.# #
......# ... . .##### ##.
#


You could see Sigmund and a worm.

Vanquished Creatures
  Crazy Yiuf (D:2)
  A worm (D:2)
  A giant gecko (D:2)
  An ooze (D:1)
  4 bats
  3 goblins (D:1)
  11 hobgoblins
  8 jackals (D:2)
  7 kobolds
  3 giant newts
  3 rats
43 creatures vanquished.

Notes
Turn   | Place    | Note
--------------------------------------------------------------
     0 | D:1      | oshikia, the Draconian Monk, began the quest for the Orb.
     0 | D:1      | Reached XP level 1. HP: 19/19 MP: 1/1
     0 | D:1      | Upgraded the game from 0.15.0-27-gbdb0435 to 0.15.0-31-geb66e34
   154 | D:1      | Reached XP level 2. HP: 23/26 MP: 2/2
   657 | D:1      | Reached skill level 5 in Unarmed Combat
   798 | D:1      | Reached XP level 3. HP: 29/31 MP: 3/3
   846 | D:2      | Noticed Crazy Yiuf
   854 | D:2      | Killed Crazy Yiuf
  1364 | D:2      | Reached XP level 4. HP: 36/38 MP: 4/4
  1437 | D:2      | Found a basalt altar of Yredelemnul.
  1438 | D:2      | Noticed a profane servitor
  1562 | D:2      | Noticed Sigmund
  1573 | D:2      | Mangled by a worm

Action                   |  1- 3 |  4- 6 || total
-------------------------+-------+-------++-------
Melee: Unarmed           |   115 |    24 ||   139
Throw: Stone             |     5 |       ||     5
Evoke: Wand              |       |     1 ||     1
  Use: Potion            |       |     6 ||     6
 Stab: Sleeping          |     1 |       ||     1
  Eat: Chunk             |     1 |     1 ||     2
